 Dungeon Crawl Stone Soup version 0.22-a0-15-g4f60a598d5 (webtiles) character file.

100 Kaname the Conjurer (level 4, 9/30 HPs)
             Began as a Demonspawn Wizard on Jan 2, 2018.
             Quit the game on level 2 of the Dungeon.
             The game lasted 00:03:29 (1377 turns).

Kaname the Conjurer (Demonspawn Wizard)             Turns: 1377, Time: 00:03:29

Health: 9/30       AC:  3    Str:  7    XL:     4   Next: 47%
Magic:  0/8        EV: 12    Int: 20    God:
Gold:   38         SH:  0    Dex: 14    Spells: 6/9 levels left

rFire    . . .     SeeInvis .   n - +1 dagger (speed)
rCold    . . .     Gourm    .   (no shield)
rNeg     . . .     Faith    .   a - +0 robe
rPois    .         Spirit   .   b - +0 hat
rElec    .         Reflect  .   (no cloak)
rCorr    .         Harm     .   (no gloves)
MR       .....                  i - +0 pair of boots
Stlth    ++........             (no amulet)
HPRegen  0.10/turn              (no ring)
MPRegen  0.11/turn              (no ring)

@: no status effects
A: claws 1, thin skeletal structure 1, spiny 1
a: no special abilities


You were on level 2 of the Dungeon.
You were not hungry.

You visited 1 branch of the dungeon, and saw 2 of its levels.

You collected 38 gold pieces.

Inventory:

Hand Weapons
 g - a +0 vampiric hand axe
 n - a +1 dagger of speed (weapon)
Armour
 a - a +0 robe (worn)
 b - a +0 hat (worn)
 i - a +0 pair of boots (worn)
Jewellery
 e - an uncursed ring of protection from fire {unknown}
Scrolls
 h - a scroll of blinking
 k - a scroll of teleportation {unknown}
 l - a scroll of remove curse {unknown}
 m - a scroll of fear {unknown}
 o - a scroll of magic mapping {unknown}
Potions
 j - a potion of degeneration {unknown}
Books
 c - a book of Minor Magic

   Spells                             Type                      Level
   a - Magic Dart                     Conjuration                  1
   b - Blink                          Translocation                2
   c - Call Imp                       Summoning                    2
   d - Slow                           Hexes                        2
   e - Conjure Flame                  Conjuration/Fire             3
   f - Mephitic Cloud                 Conjuration/Poison/Air       3
Comestibles
 d - 4 rations
 p - 2 chunks of flesh


   Skills:
 - Level 1.7 Dodging
 - Level 1.7 Stealth
 - Level 3.0 Spellcasting
 + Level 4.4 Conjurations
   Level 1.0 Summonings
 - Level 0.8 Translocations


You had 6 spell levels left.
You knew the following spells:

 Your Spells              Type           Power        Failure   Level  Hunger
a - Magic Dart            Conj           ###.         2%          1    None
b - Blink                 Tloc           N/A          16%         2    ##.....


Dungeon Overview and Level Annotations

Branches:
Dungeon (2/15)

Altars:
The Shining One


Innate Abilities, Weirdness & Mutations

You have sharp fingernails.
You have a somewhat thin skeletal structure. (Dex +2, Stealth)
You are partially covered in sharp spines.


Message History

The bullfrog hits you.
* * * LOW HITPOINT WARNING * * *
Casting: Magic Dart
Confirm with . or Enter, or press ? or * to list all spells.
Aiming: Magic Dart
Press: ? - help, Shift-Dir - straight line, f/p - bullfrog
Aim: a bullfrog (severely wounded)
The magic dart hits the bullfrog.
The bullfrog is almost dead.
The bullfrog barely misses you.
You hit the bullfrog.
The bullfrog is almost dead.
The bullfrog misses you.
You hit the bullfrog.
You kill the bullfrog!
Your Conjurations skill increases to level 4!
You have reached level 4!
You feel agile.
Your demonic ancestry asserts itself...
Your bones become slightly less dense.
Are you sure you want to abandon this character and quit the game? (Confirm with "yes".)

######## ##@##>..
##.#†#.#
##.###†÷##
#.........$....
#####.#.#.###?....
.. #...#....####
###. #.
#....†....... #.
##..#....#### #.
####(#.#### #####.


There were no monsters in sight!

Vanquished Creatures
  A bullfrog (D:2)
  An adder (D:2)
  A ball python (D:2)
  3 bats
  2 giant cockroaches (D:2)
  3 goblins (D:1)
  4 hobgoblins
  3 frilled lizards
  4 kobolds (D:2)
  A rat (D:1)
23 creatures vanquished.

Notes
Turn   | Place    | Note
-------+----------+-------------------------------------------
     0 | D:1      | Kaname the Demonspawn Wizard began the quest for the Orb.
     0 | D:1      | Reached XP level 1. HP: 13/13 MP: 4/4
   431 | D:1      | Reached skill level 2 in Conjurations
   566 | D:1      | Gained mutation: You have sharp fingernails. [demonic ancestry]
   566 | D:1      | Reached XP level 2. HP: 19/19 MP: 1/6
  1147 | D:2      | Learned a level 2 spell: Blink
  1189 | D:2      | Found a glowing golden altar of the Shining One.
  1254 | D:2      | Noticed a bullfrog
  1353 | D:2      | Reached skill level 3 in Conjurations
  1353 | D:2      | Gained mutation: You are partially covered in sharp spines. [demonic ancestry]
  1353 | D:2      | Reached XP level 3. HP: 24/24 MP: 1/7
  1376 | D:2      | Killed a bullfrog
  1376 | D:2      | Reached skill level 4 in Conjurations
  1376 | D:2      | Gained mutation: You have a somewhat thin skeletal structure. (Dex +2, Stealth) [demonic ancestry]
  1376 | D:2      | Reached XP level 4. HP: 9/30 MP: 0/8
  1377 | D:2      | Quit the game

Vault maps used:
D:1:      tarquinn_simple_flora_water_d
D:2:      chequers_temple_overflow_minitemple, lemuel_crystal_altar,
          tgw_kikubaaqudgha

Skill      XL: |  1  2  3 |
---------------+----------+-----
Conjurations   | 2 3 4 |  4.4
Dodging        | |  1.7
Stealth        | |  1.7
Spellcasting   | |  3.0
Summonings     | |  1.0
Translocations | |  0.8

Action                   |  1- 3 |  4- 6 || total
-------------------------+-------+-------++-------
Melee: Unarmed           |    26 |       ||    26
       Dagger            |    16 |       ||    16
 Cast: Magic Dart        |    49 |       ||    49
  Use: Scroll            |     1 |       ||     1
  Eat: Chunk             |     1 |       ||     1
Armor: Robe              |    11 |       ||    11
Dodge: Dodged            |    35 |       ||    35

Table legend:
 A = Spawn XP
 B = Non-spawn XP
 C = Spawn XP percentage of total XP
 D = Spawn monster count
 E = Non-spawn monster count
 F = Spawn count percentage of total count
 G = Total turns spent on level
                    A         B        C        D         E        F      G
               +---------+---------+-------+---------+---------+-------+---------
         Total |       0 |     144 |   0.0 |       0 |      23 |   0.0 |  1377
               +---------+---------+-------+---------+---------+-------+---------
           D:1 |       0 |      18 |   0.0 |       0 |      11 |   0.0 |  1141
           D:2 |       0 |     126 |   0.0 |       0 |      12 |   0.0 |   236
               +---------+---------+-------+---------+---------+-------+---------
